 Dungeon Crawl Stone Soup version 0.21-a0-513-gdcb3f5eb25 (webtiles) character file.

2041 KrozogBurug the Conjurer (level 9, -2/83 HPs)
             Began as an Ogre Wizard on Dec 2, 2017.
             Was a Follower of Vehumet.
             Slain by a human
             ... wielding a +0 flail
              (17 damage)
             ... on level 6 of the Dungeon.
             The game lasted 00:19:26 (5893 turns).

KrozogBurug the Conjurer (Ogre Wizard)              Turns: 5893, Time: 00:19:26

Health: -2/83      AC:  3    Str: 13    XL:     9   Next: 24%
Magic:  2/15       EV: 10    Int: 22    God:    Vehumet [*.....]
Gold:   150        SH:  0    Dex:  7    Spells: 7/16 levels left

rFire    . . .     SeeInvis .   o - +0 whip (venom)
rCold    . . .     Gourm    .   (no shield)
rNeg     . . .     Faith    .   j - +0 robe {MR+}
rPois    .         Spirit   .   b - +0 hat
rElec    .         Reflect  .   (no cloak)
rCorr    +         Harm     .   (gloves unavailable)
MR       +....     Clarity  +   (boots unavailable)
Stlth    +.........             (no amulet)
HPRegen  0.23/turn              w - ring of resist corrosion
MPRegen  0.14/turn              (no ring)

@: no status effects
A: large, unfitting armour, hooves 1, blurry vision 1, clarity, tough skin 1
a: Renounce Religion


You were on level 6 of the Dungeon.
You worshipped Vehumet.
Vehumet was aware of your devotion.
You were not hungry.

You visited 2 branches of the dungeon, and saw 7 of its levels.
You also visited: Sewer.

You collected 150 gold pieces.

Inventory:

Hand Weapons
 o - a +0 whip of venom (weapon)
 t - a +0 blowgun
Missiles
 s - 7 curare-tipped needles
Armour
 b - a +0 hat (worn)
 h - +0 gold dragon scales
 j - a +0 robe of magic resistance (worn)
Jewellery
 w - a ring of resist corrosion (left hand)
Scrolls
 k - a scroll of teleportation
 p - a scroll of remove curse {unknown}
 v - a scroll of magic mapping {unknown}
 y - a scroll of fog {unknown}
 z - a scroll of blinking {unknown}
 A - a scroll of immolation {unknown}
 B - a scroll of fear {unknown}
Potions
 a - 3 potions of flight
 e - a potion of mutation
 i - 3 potions of brilliance
 m - a potion of magic {unknown}
 n - a potion of might {unknown}
 r - a potion of invisibility {unknown}
Books
 c - a book of Minor Magic

   Spells                             Type                      Level
   a - Magic Dart                     Conjuration                  1
   b - Blink                          Translocation                2
   c - Call Imp                       Summoning                    2
   d - Slow                           Hexes                        2
   e - Conjure Flame                  Conjuration/Fire             3
   f - Mephitic Cloud                 Conjuration/Poison/Air       3
Comestibles
 d - 3 bread rations
 f - 6 fruits
 g - 4 meat rations
 u - a royal jelly


   Skills:
 + Level 3.2 Fighting
 - Level 6.0 Maces & Flails
 - Level 1.7 Dodging
 - Level 1.4 Stealth
 - Level 4.2 Spellcasting
 * Level 6.6 Conjurations
   Level 0.8 Summonings
 - Level 1.1 Translocations
 - Level 3.0 Fire Magic
 - Level 2.0 Air Magic
 - Level 2.5 Poison Magic


You had 7 spell levels left.
You knew the following spells:

 Your Spells              Type           Power        Failure   Level  Hunger
a - Magic Dart            Conj           ####         1%          1    None
b - Blink                 Tloc           N/A          11%         2    #......
c - Mephitic Cloud        Conj/Pois/Air  ###.....     7%          3    ##.....
d - Conjure Flame         Conj/Fire      ####....     4%          3    ##.....


Dungeon Overview and Level Annotations

Branches:
Dungeon (6/15)             Temple (1/1) D:4

Altars:
Ashenzari
Cheibriados
Elyvilon
Fedhas
Hepliaklqana
Kikubaaqudgha
Makhleb
Okawaru
Qazlal
Ru
Sif Muna
Uskayaw
Vehumet
Wu Jian
Xom
Yredelemnul
Zin
The Shining One


Innate Abilities, Weirdness & Mutations

You are too large for most types of armour.
You have tough skin. (AC +1)
You have large cloven feet.
Scrolls take you a little longer to read.
You possess an exceptional clarity of mind.


Message History

The magic dart hits the human.
The human is lightly wounded.
The human is engulfed in noxious fumes.
Casting: Magic Dart
Confirm with . or Enter, or press ? or * to list all spells.
Aiming: Magic Dart
Press: ? - help, Shift-Dir - straight line, f/p - human
Aim: a human, wielding a flail and wearing a scale mail (noxious fumes, lightly wounded, confused)
Okay, then.
You barely miss the human. You kick the human, but do no damage.
The human is lightly wounded.
You barely miss the human.
The human is lightly wounded.
You kill the human!
Vehumet accepts your kill.
Your Fighting skill increases to level 3!
The human is engulfed in noxious fumes.
The human mumbles something.
The human hits you with a flail!
You die...

.........# ...
########.###...# ###
#............# #.#<#
#.###).......# #.#.#
#<.....(.# #.#.#
#.###..... #.#.#
#ยง# ..... #.#.# #
### #p# .... #.#.#
#.#.. #@# ....
#.#.## #.#.#####.###
.....# #...........#
#.#..# ###.##......#
..#..# #.##......#
..#..# #[##......#
..#..#####)#########
(.#..#.........#
..#............#


You could see a human (confused).

Vanquished Creatures
  The ghost of SnubMonkey the Chopper, a novice FoFi (D:5)
  Grinder (D:3)
  Sigmund (D:3)
  A human (D:6)
  A water moccasin (D:5)
  An orc warrior (D:6)
  A centaur (D:6)
  2 bullfrogs
  A big kobold (Sewer)
  2 scorpions (D:4)
  A howler monkey (D:4)
  A crimson imp (D:5)
  A jelly (D:5)
  2 hounds
  3 orc priests
  5 orc wizards
  A centaur skeleton (D:5)
  A bullfrog skeleton (D:6)
  3 worker ants
  2 hound skeletons
  Robin (D:2)
  3 adders
  3 oozes
  5 worms
  2 dart slugs (D:2)
  3 leopard geckos
  11 orcs
  A ball python (D:1)
  3 bats
  3 giant cockroaches
  7 goblins
  9 hobgoblins
  15 jackals
  A quokka (D:3)
  2 frilled lizards
  11 kobolds
  A leopard gecko skeleton (D:4)
  7 rats
120 creatures vanquished.

Vanquished Creatures (others)
  An orc (D:4)
  A quokka (D:4)
2 creatures vanquished.

Grand Total: 122 creatures vanquished

Notes
Turn   | Place    | Note
-------+----------+-------------------------------------------
     0 | D:1      | KrozogBurug the Ogre Wizard began the quest for the Orb.
     0 | D:1      | Reached XP level 1. HP: 16/16 MP: 5/5
    36 | D:1      | Reached skill level 1 in Conjurations
   201 | D:1      | Reached XP level 2. HP: 21/24 MP: 1/6
   322 | D:1      | Learned a level 2 spell: Blink
   565 | D:2      | Found a white marble altar of Elyvilon.
   589 | D:2      | Reached XP level 3. HP: 16/31 MP: 5/8
   644 | D:2      | Learned a level 3 spell: Mephitic Cloud
   654 | D:2      | Found a sacrificial altar of Ru.
   676 | D:2      | Found a deep blue altar of Sif Muna.
   723 | D:2      | Noticed Robin
   830 | D:2      | Found a snail-covered altar of Cheibriados.
   846 | D:2      | Found a glowing silver altar of Zin.
   880 | D:2      | Reached skill level 1 in Maces & Flails
   895 | D:2      | Found a faded altar of an unknown god.
  1183 | D:2      | Learned a level 3 spell: Conjure Flame
  1183 | D:2      | Reached XP level 4. HP: 35/39 MP: 5/9
  1427 | D:2      | Found a deep blue altar of Sif Muna.
  1438 | D:2      | Found a sacrificial altar of Ru.
  1475 | D:2      | Killed Robin
  1510 | D:2      | Found a glowing silver altar of Zin.
  1538 | D:2      | Found a snail-covered altar of Cheibriados.
  1558 | D:2      | Found a white marble altar of Elyvilon.
  1744 | D:2      | Found a faded altar of an unknown god.
  1964 | D:3      | Noticed Sigmund
  1992 | D:3      | Killed Sigmund
  1992 | D:3      | Reached XP level 5. HP: 41/45 MP: 6/10
  1992 | D:3      | Reached XP level 6. HP: 48/53 MP: 6/11
  2024 | D:3      | Found a shattered altar of Ashenzari.
  2242 | D:3      | Found a glowing drain.
  2325 | Sewer    | Entered a sewer
  2502 | Sewer    | Found a white marble altar of Elyvilon.
  2604 | D:3      | Noticed Grinder
  2629 | D:3      | Killed Grinder
  2629 | D:3      | Reached skill level 5 in Conjurations
  2629 | D:3      | Reached XP level 7. HP: 56/59 MP: 0/12
  3173 | D:4      | Found a staircase to the Ecumenical Temple.
  3236 | Temple   | Entered the Ecumenical Temple
  3261 | Temple   | Became a worshipper of Vehumet
  3298 | D:4      | Found a white marble altar of Elyvilon.
  3605 | D:4      | Found a burning altar of Makhleb.
  4087 | D:5      | Entered Level 5 of the Dungeon
  4150 | D:5      | Reached XP level 8. HP: 67/67 MP: 10/14
  4225 | D:5      | Reached skill level 1 in Fire Magic
  4274 | D:5      | Found an ornate altar of the Wu Jian Council.
  4358 | D:5      | Noticed SnubMonkey's ghost (novice FoFi)
  4655 | D:5      | Killed SnubMonkey's ghost
  4655 | D:5      | Reached skill level 5 in Maces & Flails
  4789 | D:5      | Reached skill level 1 in Air Magic
  5053 | D:6      | HP: 2/67 [orc warrior/trident (18)]
  5125 | D:6      | Reached skill level 1 in Poison Magic
  5385 | D:6      | Reached * piety under Vehumet
  5385 | D:6      | Offered knowledge of Flame Tongue by Vehumet.
  5417 | D:5      | Reached skill level 1 in Fighting
  5495 | D:6      | Reached XP level 9. HP: 18/79 MP: 8/15
  5618 | D:6      | Reached skill level 1 in Translocations
  5658 | D:6      | Gained mutation: You have large cloven feet. [potion of mutation]
  5658 | D:6      | Gained mutation: Scrolls take you a little longer to read. [potion of mutation]
  5658 | D:6      | Gained mutation: You possess an exceptional clarity of mind. [potion of mutation]
  5893 | D:6      | Slain by a human

Vault maps used:
D:1:      dpeg_arrival_orchard
D:2:      minmay_wonky_spiral, zin_statuary, nicolae_overflow_quartered_altars,
          chequers_ecumenical_altar_simple, uniq_robin
D:3:      ashenzari_altar_1, cheibrodos_sewer_entry_bend, uniq_sigmund,
          uniq_grinder
D:4:      old_standard_altar, minmay_temple_entry_overgrown, first_bread,
          elyvilon_altar_4
D:5:      old_standard_altar, minmay_misc_feat_pillars
D:6:      minmay_ruffians
Temple:   eino_narrow_crystal_temple
Sewer:    sewer_kobolds

Skill      XL: |  1  2  3  4  5  6  7  8  9 |
---------------+----------------------------+-----
Conjurations   | 1 2 3 4 5 6 |  6.6
Maces & Flails | 1 2 3 4 6 |  6.0
Spellcasting   | 4 |  4.2
Fire Magic     | 3 |  3.0
Air Magic      | 2 |  2.0
Poison Magic   | 2 |  2.5
Fighting       | 1 3 |  3.2
Translocations | 1 |  1.1
Dodging        | |  1.7
Stealth        | |  1.4
Summonings     | |  0.8

Action                   |  1- 3 |  4- 6 |  7- 9 || total
-------------------------+-------+-------+-------++-------
Melee: Unarmed           |    11 |       |       ||    11
       Mace              |    56 |     1 |       ||    57
       Club              |     8 |       |       ||     8
       Whip              |       |    51 |    69 ||   120
       Kick              |       |       |     1 ||     1
 Cast: Magic Dart        |    70 |    67 |   167 ||   304
       Mephitic Cloud    |       |     1 |     6 ||     7
       Conjure Flame     |       |       |     3 ||     3
       Blink             |       |       |     3 ||     3
  Use: Scroll            |       |     1 |     5 ||     6
       Potion            |       |       |     9 ||     9
 Stab: Sleeping          |     1 |     1 |     1 ||     3
       Confused          |       |     1 |       ||     1
  Eat: Chunk             |     1 |     4 |     9 ||    14
       Fruit             |       |       |     2 ||     2
Armor: Robe              |    28 |     5 |    19 ||    52
Dodge: Dodged            |    53 |    20 |    58 ||   131

Table legend:
 A = Spawn XP
 B = Non-spawn XP
 C = Spawn XP percentage of total XP
 D = Spawn monster count
 E = Non-spawn monster count
 F = Spawn count percentage of total count
 G = Total turns spent on level
                    A         B        C        D         E        F      G
               +---------+---------+-------+---------+---------+-------+---------
         Total |       0 |    2916 |   0.0 |       0 |     120 |   0.0 |  5893
               +---------+---------+-------+---------+---------+-------+---------
           D:1 |       0 |      30 |   0.0 |       0 |      17 |   0.0 |   565
           D:2 |       0 |      78 |   0.0 |       0 |      28 |   0.0 |  1378
           D:3 |       0 |     568 |   0.0 |       0 |      13 |   0.0 |   806
           D:4 |       0 |     379 |   0.0 |       0 |      21 |   0.0 |  1108
           D:5 |       0 |     941 |   0.0 |       0 |      13 |   0.0 |  1175
           D:6 |       0 |     810 |   0.0 |       0 |      16 |   0.0 |   600
         Sewer |       0 |     110 |   0.0 |       0 |      12 |   0.0 |   220
               +---------+---------+-------+---------+---------+-------+---------
